 Dungeon Crawl Stone Soup version 0.23.2-40-g277498a001 (webtiles) character file.

Game seed: 14284264962082653634

70 KnightHorse the Caller (level 4, -5/24 HPs)
             Began as a Kobold Summoner on Sept 30, 2019.
             Killed by divine providence
             ... invoked by an orc priest
              (13 damage)
             ... on level 3 of the Dungeon on Oct 1, 2019.
             The game lasted 00:31:37 (2954 turns).

KnightHorse the Caller (Kobold Summoner)            Turns: 2954, Time: 00:31:42

Health: -5/24      AC:  2    Str:  5    XL:     4   Next: 44%
Magic:  1/7        EV: 15    Int: 17    God:
Gold:   125        SH:  0    Dex: 15    Spells: 2/8 levels left

rFire    . . .     SeeInvis .   s - +2 dagger (venom)
rCold    . . .     Gourm    .   (shield restricted)
rNeg     . . .     Faith    .   a - +0 robe
rPois    .         Spirit   .   (no helmet)
rElec    .         Reflect  .   (no cloak)
rCorr    .         Harm     .   (no gloves)
MR       .....                  (no boots)
Stlth    ++........             (no amulet)
HPRegen  0.08/turn              (no ring)
MPRegen  0.10/turn              (no ring)

@: no status effects
A: small, carnivore
a: no special abilities


You were on level 3 of the Dungeon.
You were not hungry.

You visited 1 branch of the dungeon, and saw 3 of its levels.

You collected 125 gold pieces.

Inventory:

Hand Weapons
 i - a +0 hunting sling
 s - a +2 dagger of venom (weapon)
Missiles
 h - 45 stones (quivered)
 k - 53 sling bullets
 p - 9 bolts
 r - 3 poisoned needles
Armour
 a - a +0 robe (worn)
Jewellery
 m - an uncursed ring of see invisible {unknown}
Scrolls
 b - a scroll of enchant armour {unknown}
 f - a scroll of noise {unknown}
 l - a scroll of enchant weapon {unknown}
 n - a scroll of magic mapping {unknown}
 o - 2 scrolls of identify {unknown}
Potions
 e - 2 potions of curing {unknown}
 g - 2 potions of heal wounds {unknown}
 j - 3 potions of agility {unknown}
 q - 2 potions of lignification {unknown}
Comestibles
 c - 4 rations


   Skills:
 + Level 1.2 Short Blades
 - Level 0.8 Slings
 + Level 2.9 Dodging
 + Level 3.5 Stealth
 - Level 0.3 Unarmed Combat
 * Level 2.6 Spellcasting
 * Level 4.6 Summonings


You had 2 spell levels left.
You knew the following spells:

 Your Spells              Type           Power        Failure   Level  Hunger
a - Summon Small Mammal   Summ           ###.         2%          1    #......
b - Call Imp              Summ           ###.....     4%          2    ##.....
c - Call Canine Familiar  Summ           ###.....     9%          3    ###....

Your spell library contained the following spells:

 Spells                   Type           Power        Failure   Level  Hunger
 Summon Guardian Golem    Hex/Summ       ##......     22%         3    ###....
 Summon Ice Beast         Ice/Summ       ##......     56%         4    #####..
 Summon Lightning Spire   Summ/Air       ##......     56%         4    #####..


Dungeon Overview and Level Annotations

Branches:
Dungeon (3/15)

Altars:
Cheibriados
Elyvilon
Okawaru

Annotations:
D:3 Ijyb


Innate Abilities, Weirdness & Mutations

You are small and have problems with some larger weapons.
You are carnivorous and can eat meat at any time.


Message History

The giant cockroach waves its antennae.
The orc misses your hound.
The orc wizard barely misses your hound.
Your hound closely misses the orc.
The orc hits your hound.
Your hound barely misses the orc.
The giant cockroach barely misses your hound.
The orc wizard misses your hound.
Your hound bites the orc.
The orc dies!
The giant cockroach bites your hound.
The orc wizard hits your hound with a cursed -3 dagger.
Your hound bites the giant cockroach.
The giant cockroach bites your hound but does no damage.
Your hound barely misses the giant cockroach.
The giant cockroach bites your hound but does no damage.
The orc wizard misses your hound.
The orc priest invokes the aid of Beogh against you.
Beogh smites you!
Ouch! That really hurt!
You die...

....# .#.# ...# ### #.###
..o. ....# #.
##..##ยง..##.._
#...o.......# ####s..###
#.@hoo..[# #.##s..#.#
#.#....# # #......#.#
###############..<.#.##
#............ +.......# .
#.._..#########....#..#
..#.....................#
........))...........#..#


You could see an orc priest, an orc wizard, 2 giant cockroaches and a friendly
hound.

Vanquished Creatures
  An adder (D:3)
  An adder zombie (D:2)
  2 leopard geckos
  3 bats
  A bat zombie (D:2)
  A goblin (D:1)
  A ball python skeleton (D:2)
  A rat (D:3)
11 creatures vanquished.

Vanquished Creatures (collateral kills)
  2 adders
  2 oozes (D:1)
  An adder skeleton (D:2)
  2 worms (D:2)
  A dart slug (D:2)
  An orc (D:3)
  3 bats
  A bat skeleton (D:2)
  3 giant cockroaches
  4 goblins
  8 hobgoblins
  2 jackals (D:1)
  6 kobolds
  3 frilled lizards
  8 rats
47 creatures vanquished.

Grand Total: 58 creatures vanquished

Notes
Turn   | Place    | Note
-------+----------+-------------------------------------------
     0 | D:1      | KnightHorse the Kobold Summoner began the quest for the
                  | Orb.
     0 | D:1      | Reached XP level 1. HP: 10/10 MP: 3/3
   102 | D:1      | Reached XP level 2. HP: 10/15 MP: 0/5
   770 | D:1      | Learned a level 2 spell: Call Imp
   809 | D:1      | You fall through a shaft!
   815 | D:2      | Reached XP level 3. HP: 15/19 MP: 0/6
  1194 | D:2      | Reached skill level 1 in Short Blades
  2014 | D:2      | Reached XP level 4. HP: 18/24 MP: 0/7
  2019 | D:2      | Found a snail-covered altar of Cheibriados.
  2430 | D:3      | Noticed Ijyb
  2688 | D:3      | Found an iron altar of Okawaru.
  2934 | D:3      | Learned a level 3 spell: Call Canine Familiar
  2936 | D:3      | Found a white marble altar of Elyvilon.
  2954 | D:3      | Killed from afar by an orc priest

Skill      XL: |  1  2  3 |
---------------+----------+-----
Stealth        | 3 |  3.5
Short Blades   | 1 |  1.2
Slings         | |  0.8
Dodging        | |  2.9
Unarmed Combat | |  0.3
Spellcasting   | |  2.6
Summonings     | |  4.6

Action                   |  1- 3 |  4- 6 || total
-------------------------+-------+-------++-------
Melee: Unarmed           |     9 |       ||     9
       Dagger            |    83 |    17 ||   100
Throw: Stone             |       |     1 ||     1
 Cast: Summon Small Mamm |    35 |     5 ||    40
       Call Imp          |    26 |    20 ||    46
       Call Canine Famil |       |     1 ||     1
 Stab: Distracted        |     1 |       ||     1
  Eat: Chunk             |     7 |     2 ||     9
       Ration            |     1 |       ||     1
Armor: Robe              |    29 |       ||    29
Dodge: Dodged            |   125 |    15 ||   140
